 Dungeon Crawl Stone Soup version 0.31-a0-165-g3f4f80340b (webtiles) character file.

Game seed: 3187647584197320059

984 qw the Skirmisher (level 8, -14/74 HPs)
             Began as a Naga Hunter on June 13, 2023.
             Killed from afar by Maggie (19 damage)
             ... with a bolt of fire
             ... on level 6 of the Dungeon.
             The game lasted 00:02:09 (5296 turns).

qw the Skirmisher (Naga Hunter)                     Turns: 5296, Time: 00:02:10

Health: -14/74     AC:  8    Str: 14    XL:     8   Next: 17%
Magic:  8/8        EV: 10    Int:  9    God:
Gold:   238        SH:  5    Dex: 17    Spells: 7/7 levels left

rFire   . . .        Y - +0 shortbow
rCold   . . .        (shield currently unavailable)
rNeg    . . .        c - +0 leather armour
rPois   +            (no helmet)
rElec   .            (no cloak)
rCorr   .            (no gloves)
SInv    +            (no barding)
Will    ++...        d - amulet of reflection
Stlth   ++           j - +4 ring of protection
HPRegen 0.32/turn    l - ring of willpower
MPRegen 0.11/turn

%: reflection
@: short of breath, very slow
A: AC +2, large, see invisible, deformed body, poison resistance, slowness 2,
spit poison 1, naga tail 1
a: Spit Poison


You were on level 6 of the Dungeon.
You visited 2 branches of the dungeon, and saw 7 of its levels.
You also visited: Sewer.

You collected 238 gold pieces.


Innate Abilities, Weirdness & Mutations

Your serpentine skin is tough. (AC +2)
You have supernaturally acute eyesight. (SInv)
Armour fits poorly on your strangely shaped body.
Your system is resistant to poisons. (rPois)
You cover ground very slowly.
You can spit poison.
You have a snake-like lower body.


   Skills:
 - Level 5.0 Fighting
 + Level 8.0 Ranged Weapons
 - Level 2.0 Dodging
 - Level 1.5 Stealth


You had 7 spell levels left.
You didn't know any spells.
Your spell library was empty.

Inventory:

Hand Weapons
 Y - a +0 shortbow (weapon)
Armour
 c - a +0 leather armour (worn)
Jewellery
 d - an amulet of reflection (around neck)
 e - a ring of ice
 j - a +4 ring of protection (left hand)
 l - a ring of willpower (right hand)
Scrolls
 a - a scroll of identify
 b - a scroll of enchant armour
Potions
 g - a potion of resistance
 h - 2 potions of curing

Dungeon Overview and Level Annotations

Branches:
Dungeon (6/15)             Temple (1/1) D:4           Sewer (visited)

Altars:
Cheibriados
Elyvilon
Gozag
Kikubaaqudgha
Makhleb
Ru
Yredelemnul

Annotations:
D:6 Maggie


Message History

You shoot an arrow. The arrow closely misses Maggie.
Maggie looks more healthy.
You block Maggie's attack.
You shoot an arrow. The arrow hits Maggie.
Maggie is heavily wounded.
Maggie closely misses you.
You shoot an arrow. The arrow barely misses Maggie.
Maggie hits you but does no damage.
You shoot an arrow. The arrow closely misses Maggie.
You have got your breath back.
Maggie barely misses you.
5291 ||| INVOKING Spit Poison.
Aiming: Spit Poison (1% risk of failure)
Press: ? - help, Shift-Dir - straight line, f/p - Maggie The splash of poison hits Maggie.
Maggie is poisoned.
Maggie is heavily wounded.
Maggie hits you from afar with a +2 halberd of flaming!
Maggie burns you.
You shoot an arrow. The arrow hits Maggie!
Maggie is severely wounded.
Maggie completely misses you.
You shoot an arrow. The arrow closely misses Maggie.
Maggie hits you from afar with a +2 halberd of flaming!
Maggie burns you.
You shoot an arrow. The arrow hits Maggie.
Maggie is almost dead.
You block Maggie's attack.
You shoot an arrow.
The arrow hits Maggie but does no damage.
Maggie is almost dead.
You have got your breath back.
Maggie gestures wildly while chanting.
Maggie attempts to bespell you! You resist with almost no effort.
5296 ||| INVOKING Spit Poison.
Aiming: Spit Poison (1% risk of failure)
Press: ? - help, Shift-Dir - straight line, f/p - Maggie The splash of poison hits Maggie.
Maggie is almost dead.
Maggie points at you and mumbles some strange words.
The bolt of fire hits you!!
You die...

.... #... . .
#..#. ..
.>#.##. .
......
..######.#.#
...........#
........<..#
.......@)[.#
..##.#.....#
......@......
.
#/...[......
#........##..
#........# .
#.........
#.........#


You could see Maggie (poisoned).

Vanquished Creatures
  A water moccasin (D:5)
  An ice beast (D:5)
  An ogre (D:5)
  3 orc priests (D:5)
  2 jellies
  4 hounds
  2 iguanas (D:5)
  A sleepcap (D:5)
  Natasha (D:2)
  2 orc wizards
  2 gnolls
  12 adders
  A river rat (Sewer)
  3 worms
  4 dart slugs
  18 orcs
  5 bats
  11 endoplasms
  3 giant cockroaches
  6 goblins
  12 hobgoblins
  4 jackals
  10 kobolds
  3 quokkas
  8 ball pythons
  9 frilled lizards
  9 rats
138 creatures vanquished.

Vanquished Creatures (others)
  An orc (D:6)
1 creature vanquished.

Grand Total: 139 creatures vanquished

Notes
Turn   | Place    | Note
-------+----------+-------------------------------------------
     0 | D:1      | qw the Naga Hunter began the quest for the Orb.
     0 | D:1      | Reached XP level 1. HP: 19/19 MP: 1/1
     0 | D:1      | 0 ||| qw: Version: 0.2-a-29-gc1b59c4
     0 | D:1      | 0 ||| qw: Game counter: 4724
     0 | D:1      | 0 ||| qw: Always use a shield: true
     0 | D:1      | 0 ||| qw: God list: Okawaru
     0 | D:1      | 0 ||| qw: Allow faded altars: false
     0 | D:1      | 0 ||| qw: Do Orc after D:15 true
     0 | D:1      | 0 ||| qw: Do second Lair branch before Depths: true
     0 | D:1      | 0 ||| qw: Lair rune preference: random
     0 | D:1      | 0 ||| qw: Plans: Normal
     0 | D:1      | 0 ||| PLANNING D:1-11
     6 | D:1      | 6 ||| INVOKING Spit Poison.
    22 | D:1      | 22 ||| INVOKING Spit Poison.
    48 | D:1      | Reached skill level 4 in Ranged Weapons
    48 | D:1      | Reached XP level 2. HP: 26/26 MP: 2/2
    49 | D:1      | 49 ||| INVOKING Spit Poison.
    92 | D:1      | 92 ||| INVOKING Spit Poison.
   115 | D:1      | 115 ||| INVOKING Spit Poison.
   153 | D:1      | 153 ||| INVOKING Spit Poison.
   158 | D:1      | 158 ||| INVOKING Spit Poison.
   164 | D:1      | Reached XP level 3. HP: 28/32 MP: 3/3
   193 | D:1      | 193 ||| INVOKING Spit Poison.
   220 | D:1      | 220 ||| INVOKING Spit Poison.
   226 | D:1      | 226 ||| INVOKING Spit Poison.
   321 | D:1      | 321 ||| INVOKING Spit Poison.
   383 | D:1      | 383 ||| INVOKING Spit Poison.
   388 | D:1      | 388 ||| INVOKING Spit Poison.
   391 | D:1      | 391 ||| INVOKING Spit Poison.
   392 | D:1      | 392 ||| INVOKING Spit Poison.
   531 | D:1      | 531 ||| INVOKING Spit Poison.
   534 | D:1      | 534 ||| INVOKING Spit Poison.
   889 | D:1      | 889 ||| READING 3 scrolls labelled AMUN BUSMIH.
   890 | D:1      | 890 ||| READING scroll labelled KUUVOZIENT.
   891 | D:1      | 891 ||| READING 2 scrolls of identify.
   891 | D:1      | 891 ||| IDENTIFYING sedimented ruby potion
   892 | D:1      | 892 ||| DROPPING scroll of butterflies.
   893 | D:1      | 893 ||| DROPPING potion of magic.
   924 | D:2      | 924 ||| INVOKING Spit Poison.
   932 | D:2      | 932 ||| INVOKING Spit Poison.
   946 | D:2      | 946 ||| INVOKING Spit Poison.
   957 | D:2      | 957 ||| INVOKING Spit Poison.
   960 | D:2      | 960 ||| INVOKING Spit Poison.
   967 | D:2      | 967 ||| INVOKING Spit Poison.
   970 | D:2      | 970 ||| INVOKING Spit Poison.
   994 | D:2      | Reached skill level 5 in Ranged Weapons
   994 | D:2      | Reached XP level 4. HP: 39/39 MP: 4/4
  1016 | D:2      | 1016 ||| INVOKING Spit Poison.
  1023 | D:2      | 1023 ||| INVOKING Spit Poison.
  1053 | D:2      | 1053 ||| INVOKING Spit Poison.
  1060 | D:2      | 1060 ||| INVOKING Spit Poison.
  1152 | D:2      | 1152 ||| INVOKING Spit Poison.
  1183 | D:2      | 1183 ||| INVOKING Spit Poison.
  1254 | D:2      | 1254 ||| INVOKING Spit Poison.
  1283 | D:2      | Noticed Natasha
  1284 | D:2      | 1284 ||| INVOKING Spit Poison.
  1289 | D:2      | 1289 ||| INVOKING Spit Poison.
  1291 | D:2      | Killed Natasha
  1377 | D:2      | 1377 ||| INVOKING Spit Poison.
  1383 | D:2      | 1383 ||| INVOKING Spit Poison.
  1385 | D:2      | Reached skill level 3 in Fighting
  1447 | D:2      | 1447 ||| INVOKING Spit Poison.
  1692 | D:2      | 1692 ||| UPGRADING to amulet of reflection.
  1697 | D:2      | 1697 ||| READING scroll labelled CYSHIY CIOD.
  1698 | D:2      | 1698 ||| READING scroll labelled TAICAURIDO.
  1699 | D:2      | 1699 ||| READING scroll labelled YRIGHE TUNKAIH.
  1727 | D:3      | 1727 ||| PLANNING SEWER
  1788 | D:3      | 1788 ||| INVOKING Spit Poison.
  1791 | D:3      | 1791 ||| INVOKING Spit Poison.
  1869 | D:3      | 1869 ||| INVOKING Spit Poison.
  1873 | D:3      | 1873 ||| INVOKING Spit Poison.
  1874 | D:3      | Reached XP level 5. HP: 49/49 MP: 5/5
  1889 | D:3      | 1889 ||| INVOKING Spit Poison.
  1913 | D:3      | 1913 ||| INVOKING Spit Poison.
  1917 | D:3      | 1917 ||| INVOKING Spit Poison.
  1923 | D:3      | 1923 ||| INVOKING Spit Poison.
  1930 | D:3      | 1930 ||| INVOKING Spit Poison.
  2070 | D:3      | 2070 ||| INVOKING Spit Poison.
  2100 | D:3      | 2100 ||| INVOKING Spit Poison.
  2103 | D:3      | 2103 ||| INVOKING Spit Poison.
  2130 | D:3      | 2130 ||| INVOKING Spit Poison.
  2164 | D:3      | 2164 ||| INVOKING Spit Poison.
  2207 | D:3      | 2207 ||| INVOKING Spit Poison.
  2213 | D:3      | 2213 ||| INVOKING Spit Poison.
  2216 | D:3      | 2216 ||| INVOKING Spit Poison.
  2239 | D:3      | Found a glowing drain.
  2240 | D:3      | 2240 ||| UPGRADING to +4 ring of protection.
  2241 | D:3      | 2241 ||| READING scroll labelled DIUTAD HIKKE.
  2242 | D:3      | 2242 ||| READING scroll labelled ZAORITS KYSSUOX.
  2243 | D:3      | 2243 ||| DRINKING 2 fuming orange potions.
  2273 | D:3      | 2273 ||| DROPPING potion of lignification.
  2282 | Sewer    | Entered a sewer
  2295 | Sewer    | 2295 ||| INVOKING Spit Poison.
  2299 | Sewer    | 2299 ||| INVOKING Spit Poison.
  2310 | Sewer    | 2310 ||| INVOKING Spit Poison.
  2316 | Sewer    | 2316 ||| INVOKING Spit Poison.
  2326 | Sewer    | 2326 ||| INVOKING Spit Poison.
  2330 | Sewer    | 2330 ||| INVOKING Spit Poison.
  2340 | Sewer    | 2340 ||| INVOKING Spit Poison.
  2345 | Sewer    | 2345 ||| INVOKING Spit Poison.
  2348 | Sewer    | 2348 ||| INVOKING Spit Poison.
  2352 | Sewer    | 2352 ||| INVOKING Spit Poison.
  2406 | Sewer    | 2406 ||| INVOKING Spit Poison.
  2414 | Sewer    | 2414 ||| INVOKING Spit Poison.
  2415 | Sewer    | 2415 ||| INVOKING Spit Poison.
  2420 | Sewer    | 2420 ||| INVOKING Spit Poison.
  2421 | Sewer    | Reached skill level 6 in Ranged Weapons
  2430 | Sewer    | 2430 ||| INVOKING Spit Poison.
  2433 | Sewer    | 2433 ||| INVOKING Spit Poison.
  2435 | Sewer    | Reached XP level 6. HP: 56/56 MP: 6/6
  2451 | Sewer    | 2451 ||| INVOKING Spit Poison.
  2478 | Sewer    | 2478 ||| INVOKING Spit Poison.
  2710 | D:3      | 2710 ||| PLANNING D:1-11
  2915 | D:4      | 2915 ||| INVOKING Spit Poison.
  2919 | D:4      | 2919 ||| INVOKING Spit Poison.
  2922 | D:4      | 2922 ||| INVOKING Spit Poison.
  2951 | D:4      | Found a staircase to the Ecumenical Temple.
  2952 | D:4      | 2952 ||| PLANNING TEMPLE
  2952 | D:4      | 2952 ||| INVOKING Spit Poison.
  2965 | Temple   | Entered the Ecumenical Temple
  2979 | Temple   | 2979 ||| PLANNING D:1-11
  3054 | D:4      | 3054 ||| INVOKING Spit Poison.
  3096 | D:4      | 3096 ||| INVOKING Spit Poison.
  3108 | D:4      | 3108 ||| INVOKING Spit Poison.
  3111 | D:4      | 3111 ||| INVOKING Spit Poison.
  3118 | D:4      | 3118 ||| INVOKING Spit Poison.
  3121 | D:4      | 3121 ||| INVOKING Spit Poison.
  3134 | D:4      | 3134 ||| INVOKING Spit Poison.
  3173 | D:4      | 3173 ||| INVOKING Spit Poison.
  3177 | D:4      | 3177 ||| INVOKING Spit Poison.
  3394 | D:4      | 3394 ||| INVOKING Spit Poison.
  3398 | D:4      | 3398 ||| INVOKING Spit Poison.
  3400 | D:4      | Found an opulent altar of Gozag.
  3634 | D:4      | 3634 ||| DRINKING 2 fuming green potions.
  3635 | D:4      | 3635 ||| DRINKING 2 brown potions.
  3636 | D:4      | 3636 ||| DROPPING potion of attraction.
  3645 | D:4      | 3645 ||| INVOKING Spit Poison.
  3671 | D:5      | Entered Level 5 of the Dungeon
  3704 | D:5      | Noticed a water moccasin
  3710 | D:5      | Killed a water moccasin
  3711 | D:5      | Reached XP level 7. HP: 64/64 MP: 7/7
  3728 | D:5      | 3728 ||| INVOKING Spit Poison.
  3731 | D:5      | 3731 ||| INVOKING Spit Poison.
  3734 | D:5      | 3734 ||| INVOKING Spit Poison.
  3738 | D:5      | 3738 ||| INVOKING Spit Poison.
  3742 | D:5      | 3742 ||| INVOKING Spit Poison.
  3748 | D:5      | 3748 ||| INVOKING Spit Poison.
  3751 | D:5      | 3751 ||| INVOKING Spit Poison.
  3754 | D:5      | 3754 ||| INVOKING Spit Poison.
  3759 | D:5      | 3759 ||| INVOKING Spit Poison.
  3763 | D:5      | 3763 ||| INVOKING Spit Poison.
  3767 | D:5      | Reached skill level 7 in Ranged Weapons
  3859 | D:5      | 3859 ||| INVOKING Spit Poison.
  3869 | D:5      | 3869 ||| INVOKING Spit Poison.
  3873 | D:5      | 3873 ||| INVOKING Spit Poison.
  4206 | D:5      | 4206 ||| INVOKING Spit Poison.
  4210 | D:5      | 4210 ||| INVOKING Spit Poison.
  4215 | D:5      | 4215 ||| INVOKING Spit Poison.
  4221 | D:5      | 4221 ||| INVOKING Spit Poison.
  4227 | D:5      | 4227 ||| INVOKING Spit Poison.
  4234 | D:5      | 4234 ||| INVOKING Spit Poison.
  4244 | D:5      | HP: 15/64 [sleepcap (3)]
  4426 | D:5      | 4426 ||| INVOKING Spit Poison.
  4564 | D:5      | 4564 ||| INVOKING Spit Poison.
  4569 | D:5      | 4569 ||| INVOKING Spit Poison.
  4633 | D:5      | 4633 ||| INVOKING Spit Poison.
  4638 | D:5      | Reached skill level 8 in Ranged Weapons
  4734 | D:5      | Reached XP level 8. HP: 72/72 MP: 8/8
  4766 | D:5      | 4766 ||| UPGRADING to ring of willpower.
  4767 | D:5      | 4767 ||| READING 2 scrolls labelled JEUCHE POAGUR.
  4768 | D:5      | 4768 ||| READING scroll labelled HIS ZEIKOD.
  4869 | D:5      | 4869 ||| DRINKING 2 red potions.
  4870 | D:5      | 4870 ||| READING 3 scrolls of identify.
  4870 | D:5      | 4870 ||| IDENTIFYING clear potion
  4871 | D:5      | 4871 ||| READING 2 scrolls of identify.
  4871 | D:5      | 4871 ||| IDENTIFYING inky potion
  4872 | D:5      | 4872 ||| DROPPING scroll of poison.
  4873 | D:5      | 4873 ||| DROPPING potion of berserk rage.
  4874 | D:5      | 4874 ||| DROPPING potion of degeneration.
  4899 | D:6      | Noticed Maggie
  4901 | D:6      | 4901 ||| INVOKING Spit Poison.
  4904 | D:6      | 4904 ||| INVOKING Spit Poison.
  4909 | D:6      | 4909 ||| INVOKING Spit Poison.
  4913 | D:6      | 4913 ||| STAIRDANCE
  4915 | D:5      | 4915 ||| INVOKING Spit Poison.
  4918 | D:5      | 4918 ||| INVOKING Spit Poison.
  4922 | D:5      | 4922 ||| INVOKING Spit Poison.
  4926 | D:5      | 4926 ||| INVOKING Spit Poison.
  5085 | D:6      | 5085 ||| STAIRDANCE
  5269 | D:6      | 5269 ||| INVOKING Spit Poison.
  5274 | D:6      | 5274 ||| INVOKING Spit Poison.
  5277 | D:6      | 5277 ||| INVOKING Spit Poison.
  5281 | D:6      | 5281 ||| INVOKING Spit Poison.
  5284 | D:6      | 5284 ||| INVOKING Spit Poison.
  5291 | D:6      | 5291 ||| INVOKING Spit Poison.
  5293 | D:6      | HP: 7/74 [Maggie/+2 halberd of flaming (13)]
  5296 | D:6      | 5296 ||| INVOKING Spit Poison.
  5296 | D:6      | Killed from afar by Maggie

Levels and vault maps discovered:
D:1:      minmay_arrival_five_plusses, layout_basic,
          chequers_serial_rivers_micro_c, minmay_misc_feat_enclosed,
          minmay_split_cup_small
D:2:      layout_loops_ring, uniq_natasha
D:3:      layout_rooms, portal_sewer_entry_d, grunt_ministairs_15
D:4:      layout_loops_ring, nicolae_gozag_cash_rules_everything_around_me,
          temple_pool_b, minmay_statues_item, minmay_surrounded
D:5:      layout_basic, kennysheep_generic_room_8
D:6:      layout_basic, nemelex_diamond_rough_becter,
          nicolae_ashenzari_panopticon, solitary_fountain, uniq_pikel,
          uniq_crazy_yiuf_cottage, uniq_maggie
Temple:   nicolae_temple_stand_before_the_council

Skill      XL: |  1  2  3  4  5  6  7  8 |
---------------+-------------------------+-----
Ranged Weapons | 4 5 6 8 |  8.0
Fighting       | 3 4 5 |  5.0
Dodging        | 2 |  2.0
Stealth        | |  1.5

Action                     |  1- 3 |  4- 6 |  7- 9 || total
---------------------------+-------+-------+-------++-------
   Fire: Shortbow          |    71 |   162 |   160 ||   393
Ability: Spit Poison       |    23 |    62 |    37 ||   122
    Use: Scroll            |     3 |     5 |     4 ||    12
         Potion            |       |     3 |     1 ||     4
 Armour: Leather armour    |     6 |    23 |    50 ||    79
  Dodge: Dodged            |    12 |    37 |    65 ||   114
  Block: Other             |       |    25 |    41 ||    66

Table legend:
 A = Non-vault XP
 B = Vault XP
 C = Vault XP percentage of total XP
 D = Non-vault monster count
 E = Vault monster count
 F = Vault count percentage of total count
                 A         B        C        D         E       F
            +---------+---------+-------+---------+---------+-------
      Total |    1198 |     208 |  14.8 |     105 |      33 |  23.9
            +---------+---------+-------+---------+---------+-------
        D:1 |      56 |       5 |   8.2 |      25 |       3 |  10.7
        D:2 |      48 |      35 |  42.2 |      19 |       1 |   5.0
        D:3 |      93 |      18 |  16.2 |      17 |       3 |  15.0
        D:4 |     157 |      27 |  14.7 |      15 |       6 |  28.6
        D:5 |     824 |      40 |   4.6 |      26 |       1 |   3.7
        D:6 |      20 |       0 |   0.0 |       3 |       0 |   0.0
      Sewer |       0 |      83 | 100.0 |       0 |      19 | 100.0
            +---------+---------+-------+---------+---------+-------
